 Dungeon Crawl Stone Soup version 0.26.1-10-gdfb7c7de75 (webtiles) character file.

Game seed: 18345900564733165046

178 manyhoops the Poker (level 5, -1/39 HPs)
             Began as a Merfolk Gladiator on Mar 31, 2021.
             Slain by an orc warrior
             ... wielding a +0 scimitar
              (17 damage)
             ... on level 3 of the Dungeon on Apr 1, 2021.
             The game lasted 00:06:58 (3139 turns).

manyhoops the Poker (Merfolk Gladiator)             Turns: 3139, Time: 00:06:59

Health: -1/39      AC:  4    Str: 16    XL:     5   Next: 58%
Magic:  5/5        EV: 14    Int:  7    God:
Gold:   122        SH:  5    Dex: 15    Spells: 4/4 levels left

rFire    . . .     SeeInvis .   a - +0 trident
rCold    . . .     Faith    .   n - +0 buckler
rNeg     . . .     Spirit   .   b - +0 leather armour
rPois    .         Reflect  .   c - +0 helmet
rElec    .         Harm     .   (no cloak)
rCorr    .         Rampage  .   (no gloves)
Will     .....                  (no boots)
Stlth    +.........             (no amulet)
HPRegen  0.13/turn              (no ring)
MPRegen  0.09/turn              (no ring)

@: no status effects
A: change form in water, swift swim, stealthy swim
a: no special abilities


You were on level 3 of the Dungeon.
You visited 1 branch of the dungeon, and saw 3 of its levels.

You collected 122 gold pieces.

Inventory:

Hand Weapons
 a - a +0 trident (weapon)
Missiles
 d - a throwing net
 k - 2 atropa-tipped darts (quivered)
Armour
 b - a +0 leather armour (worn)
 c - a +0 helmet (worn)
 n - a +0 buckler (worn)
Scrolls
 e - a scroll of identify {unknown}
 j - a scroll of immolation
 l - a scroll of remove curse
Potions
 g - a potion of flight
 h - a potion of lignification {unknown}
 i - 2 potions of heal wounds
 m - a potion of cancellation {unknown}


   Skills:
 - Level 2.5 Fighting
 - Level 5.7 Polearms
 - Level 2.1 Throwing
 - Level 0.8 Armour
 - Level 4.5 Dodging
 * Level 3.4 Shields


You had 4 spell levels left.
You didn't know any spells.
Your spell library was empty.

Dungeon Overview and Level Annotations

Branches:
Dungeon (3/15)

Altars:


Message History

The orc warrior is lightly wounded.
The orc warrior barely misses you. The orc warrior completely misses you.
You hit the orc warrior but do no damage.
The orc warrior is lightly wounded.
The orc warrior completely misses you.
You hit the orc warrior but do no damage.
The orc warrior is lightly wounded.
The orc warrior is no longer blind.
The orc warrior completely misses you.
You closely miss the orc warrior.
The orc warrior is lightly wounded.
The orc warrior completely misses you.
Throw: 3 darts (atropa)
Press: ? - help, Q - select action, (/) - cycle Shift-Dir - straight line, f/p - orc warrior
Aim: an orc warrior, wielding a +0 scimitar and wearing a +0 plate armour (lightly wounded, fast, 60% to hit, chance to blind on hit: 61%)
You throw an atropa-tipped dart.
The atropa-tipped dart hits the orc warrior.
The orc warrior resists.
The orc warrior is lightly wounded.
The orc warrior hits you with a +0 scimitar! x2
You die...

###....##.#.#####.
######.###
#....##.#.# #.
#.......#.### #.
#...........####+##
#.
###.......#.......#
#.
#.....###.......#
#.....# ##††....##
#.##### #o......# #
#@(....(# #.†.....#
#.......# #...?...#
#.........#
#.........#
#.........#
#.......#'#
...##+.....


You could see an orc warrior (fast).

Vanquished Creatures
  Terence (D:2)
  An orc wizard (D:2)
  6 adders
  An ooze (D:2)
  4 dart slugs
  2 leopard geckos
  3 orcs
  A giant cockroach (D:2)
  5 goblins (D:1)
  5 hobgoblins
  9 jackals
  A quokka (D:3)
  2 bats
  10 frilled lizards
  5 kobolds
  7 rats
63 creatures vanquished.

Notes
Turn   | Place    | Note
-------+----------+-------------------------------------------
     0 | D:1      | manyhoops the Merfolk Gladiator began the quest for the
                  | Orb.
     0 | D:1      | Reached XP level 1. HP: 16/16 MP: 1/1
   180 | D:1      | Reached XP level 2. HP: 22/22 MP: 2/2
   366 | D:1      | Reached skill level 5 in Polearms
   806 | D:1      | Reached XP level 3. HP: 28/28 MP: 3/3
  1346 | D:2      | Reached XP level 4. HP: 20/34 MP: 4/4
  1740 | D:2      | Reached skill level 1 in Shields
  2066 | D:2      | Noticed Terence
  2079 | D:2      | Killed Terence
  2442 | D:3      | Reached XP level 5. HP: 36/39 MP: 5/5
  2458 | D:3      | Noticed an orc warrior
  3139 | D:3      | Slain by an orc warrior

Illustrated notes

Levels and vault maps discovered:
D:1:      lemuel_arrival_behind_the_door_small, layout_loops_ring,
          minmay_lizard_pond
D:2:      layout_basic, uniq_terence
D:3:      layout_basic, marbit_many_paths, grunt_dithmenos_smoke_and_mirrors

Skill      XL: |  1  2  3  4  5 |
---------------+----------------+-----
Polearms       | 5 |  5.7
Shields        | 2 3 |  3.4
Fighting       | |  2.5
Throwing       | |  2.1
Armour         | |  0.8
Dodging        | |  4.5

Action                   |  1- 3 |  4- 6 || total
-------------------------+-------+-------++-------
Melee: Trident           |   100 |   115 ||   215
Throw: Throwing net      |     2 |     2 ||     4
       Dart              |       |     3 ||     3
  Use: Scroll            |       |     2 ||     2
       Potion            |       |     3 ||     3
 Stab: Sleeping          |     3 |     1 ||     4
       Distracted        |       |     1 ||     1
Armor: Leather armour    |    16 |    19 ||    35
Dodge: Dodged            |    55 |    73 ||   128
Block: Buckler           |     1 |    26 ||    27
